 Dungeon Crawl Stone Soup version 0.30-a0-1160-g6e42c06551 (webtiles) character file.

Game seed: 6515321359915060309

168 Strat the Chopper (level 5, -1/42 HPs)
             Began as a Minotaur Reaver on Apr 26, 2023.
             Slain by a sleepcap (11 damage)
             ... on level 4 of the Dungeon.
             The game lasted 00:04:42 (2451 turns).

Strat the Chopper (Minotaur Reaver)                 Turns: 2451, Time: 00:04:42

Health: -1/42      AC: 11    Str: 18    XL:     5   Next: 24%
Magic:  6/6        EV:  2    Int: 10    God:
Gold:   185        SH:  0    Dex:  9    Spells: 3/6 levels left

rFire   . . .        a - +1 battleaxe
rCold   . . .        (shield currently unavailable)
rNeg    . . .        E - +0 chain mail
rPois   .            (helmet restricted)
rElec   .            (no cloak)
rCorr   .            r - +0 pair of gloves
SInv    .            s - +0 pair of boots
Will    .....        (no amulet) Stlth
                     (no ring)
HPRegen 0.27/turn    (no ring)
MPRegen 0.10/turn

%: no passive effects
@: sleeping
A: horns 2, retaliatory headbutt
a: no special abilities


You were on level 4 of the Dungeon.
You visited 1 branch of the dungeon, and saw 4 of its levels.

You collected 185 gold pieces.

Inventory:

Hand Weapons
 a - a +1 battleaxe (weapon)
 b - the +2 hand axe "Ymadd" {freeze, rElec}
   (You found it on level 4 of the Dungeon)

   rElec:     It insulates you from electricity.
 o - a +0 hand axe
 D - a +0 war axe
Armour
 k - a +0 ring mail
 r - a +0 pair of gloves (worn)
 s - a +0 pair of boots (worn)
 x - a +0 leather armour
 z - a +0 plate armour
 E - a +0 chain mail (worn)
Wands
 B - a wand of roots (12)
Scrolls
 c - a scroll of teleportation
 i - a scroll of fear
 l - a scroll of magic mapping
 w - a scroll of noise {unknown}
 y - a scroll of blinking {unknown}
Potions
 f - 2 potions of attraction
 g - 3 potions of heal wounds
 h - 3 potions of curing
 m - 2 potions of might
 n - a potion of flight
 p - a potion of cancellation
 t - a potion of haste
 u - a potion of invisibility {unknown}
 A - a potion of magic {unknown}
 C - 2 potions of mutation {unknown}


   Skills:
 - Level 2.4 Fighting
 + Level 6.2 Axes
 + Level 3.4 Armour
 - Level 2.1 Dodging
 - Level 1.3 Spellcasting
 - Level 2.1 Conjurations


You had 3 spell levels left.
You knew the following spells:

 Your Spells              Type           Power      Damage    Failure   Level
a - Kiss of Death         Conj/Necr      8%         2d6       89%         1
b - Momentum Strike       Conj/Tloc      4%         3d8       96%         2

Your spell library contained the following spells:

 Spells                   Type           Power      Damage    Failure   Level
 Hailstorm                Conj/Ice       2%         3d3       99%         3
 Animate Dead             Necr           0%         N/A       100%        4
 Borgnjor's Vile Clutch   Necr/Erth      0%         N/A       100%        5
 Death Channel            Necr           0%         N/A       100%        6


Dungeon Overview and Level Annotations

Branches:
Dungeon (4/15)
 Temple: D:4-7

Altars:

Annotations:
D:4 Edmund


Innate Abilities, Weirdness & Mutations

You have a pair of horns on your head.
You reflexively headbutt those who attack you in melee.


Message History

A hound comes into view.
An orc comes into view. It is wielding a +0 hand axe.
The orc hits you but does no damage.
You hit the orc.
The orc is moderately wounded.
The orc hits you with a +0 war axe!
You barely miss the orc.
The orc is moderately wounded.
The orc hits you with a +0 war axe!
* * * LOW HITPOINT WARNING * * *
The orc hits you but does no damage.
You are too injured to fight recklessly!
You are too injured to fight recklessly!
You are too injured to fight recklessly!
Unknown command.
The orc attacks as you move away! The orc hits you with a +0 war axe.
* * * LOW HITPOINT WARNING * * *
You slash the orc!
You kill the orc!
You have reached level 5!
The hound attacks as you move away! The hound bites you but does no damage.
The hound bites you.
* * * LOW HITPOINT WARNING * * *
You closely miss the hound. The hound bites you.
* * * LOW HITPOINT WARNING * * *
The hound bites you but does no damage.
You closely miss the hound.
The hound bites you but does no damage. x2
The hound bites you.
* * * LOW HITPOINT WARNING * * *
You closely miss the hound. The hound barely misses you.
You furiously retaliate!
You headbutt the hound! The hound bites you but does no damage.
You slice the hound!!
You kill the hound!
The sleepcap releases spores at you.
* * * LOW HITPOINT WARNING * * *
You are engulfed in a cloud of soporific spores!
You fall asleep.
The sleepcap releases spores at you!
You die...

#..#*,........# #.#
###..#*,#.#####.# #.#
..#..#*,....###.######.#
#.#..#,,...............#
*,#..#,*#.#####.########
*,*,,*,**,* #.#
.,,,,*,,,,* #.#
#,*,,****,* #.####
*,,,,,,...#####.@fo#
*,*,,,,........###o#
#.,,,**##.########)##
..,,*,*,*>*.#.#.#.#o#*
#.,*,,,,,,,..o.oo.§.§#
*,***,*,*,*.#.#.#.#.##
*,**,,,,,,,,,.....,§.#
*,***,*,*,*,#.#.#.*.##
,,,,,,,,,,,.......,..*


You could see a sleepcap and 2 orcs.

Vanquished Creatures
  A hound (D:4)
  A sleepcap (D:4)
  4 adders
  A worm (D:2)
  An orc (D:4)
  4 ball pythons
  8 bats
  8 endoplasms
  3 giant cockroaches (D:1)
  5 goblins
  8 hobgoblins
  5 jackals
  2 quokkas (D:2)
  4 frilled lizards
  5 kobolds
  3 rats
63 creatures vanquished.

Vanquished Creatures (collateral kills)
  A worm (D:4)
1 creature vanquished.

Grand Total: 64 creatures vanquished

Notes
Turn   | Place    | Note
-------+----------+-------------------------------------------
     0 | D:1      | Strat the Minotaur Reaver began the quest for the Orb.
     0 | D:1      | Reached XP level 1. HP: 18/18 MP: 1/1
    66 | D:1      | Reached skill level 4 in Axes
    97 | D:1      | Reached XP level 2. HP: 20/25 MP: 3/3
   100 | D:1      | Learned a level 2 spell: Momentum Strike
   384 | D:1      | Reached skill level 5 in Axes
   833 | D:2      | Reached XP level 3. HP: 30/30 MP: 4/4
   990 | D:2      | Reached skill level 1 in Armour
  1977 | D:4      | Identified the +2 hand axe "Ymadd" {freeze, rElec}
  2000 | D:4      | Reached XP level 4. HP: 37/37 MP: 5/5
  2208 | D:4      | Noticed Edmund
  2373 | D:4      | Reached skill level 6 in Axes
  2445 | D:4      | Reached XP level 5. HP: 19/42 MP: 6/6
  2451 | D:4      | Slain by a sleepcap

Illustrated notes

Levels and vault maps discovered:
D:1:      minmay_arrival_doors, layout_loops_ring,
          ebering_dispersal_statue_hall, nicolae_titane
D:2:      layout_basic, chequers_serial_rivers_marsh, minmay_nonomino_d4
D:3:      layout_rooms, nicolae_overflow_hidden_temple
D:4:      layout_basic, st_stairs_11, uniq_edmund

Skill      XL: |  1  2  3  4 |
---------------+-------------+-----
Axes           | 4 5 6 |  6.2
Armour         | 2 3 |  3.4
Fighting       | |  2.4
Dodging        | |  2.1
Spellcasting   | |  1.3
Conjurations   | |  2.1

Action                     |  1- 3 |  4- 6 || total
---------------------------+-------+-------++-------
  Melee: Hand axe          |    64 |    30 ||    94
         Headbutt          |    11 |     7 ||    18
         War axe           |    37 |       ||    37
         Battleaxe         |       |     7 ||     7
    Use: Scroll            |       |    15 ||    15
 Armour: Leather armour    |    15 |       ||    15
         Ring mail         |    23 |       ||    23
         Plate armour      |       |    15 ||    15
         Chain mail        |       |    10 ||    10
  Dodge: Dodged            |    68 |     6 ||    74

Table legend: (Time is in decaauts)
 A = Elapsed time spent in this place.
 B = Non-inter-level travel time spent in this place.
 C = Inter-level travel time spent in this place.
 D = Time resting spent in this place.
 E = Time spent auto-exploring this place.
 F = Levels seen in this place.
 G = Mean time per level.
                   A        B        C        D        E       F      G
               +--------+--------+--------+--------+--------+-----+--------+
         Total |   2465 |   2425 |     40 |     62 |   1871 |   4 |  616.2 |
       Dungeon |   2465 |   2425 |     40 |     62 |   1871 |   4 |  616.2 |
               +--------+--------+--------+--------+--------+-----+--------+

Top non-repeatable levels by time:
     D:1: 802 daAuts
     D:2: 766 daAuts
     D:4: 480 daAuts
     D:3: 415 daAuts
